 Dungeon Crawl Stone Soup version 0.26.0-16-gc1dbca0489 (webtiles) character file.

Game seed: 17602201792695826188

2171 kaeus the Shield-Bearer (level 9, -8/72 HPs)
             Began as a Formicid Fighter on Jan 20, 2021.
             Was a Priest of Okawaru.
             Mangled by a boulder beetle (47 damage)
             ... on level 6 of the Dungeon.
             The game lasted 00:15:14 (6621 turns).

kaeus the Shield-Bearer (Formicid Fighter)          Turns: 6621, Time: 00:15:14

Health: -8/72      AC: 22    Str: 21    XL:     9   Next: 58%
Magic:  9/9        EV:  6    Int:  7    God:    Okawaru [***...]
Gold:   182        SH: 16    Dex: 10    Spells: 8/8 levels left

rFire    + + +     SeeInvis +   z - +3 hand axe (freeze)
rCold    . . .     Faith    .   l - +0 tower shield
rNeg     . . .     Spirit   .   r - +8 plate armour "Zozekk" {*Drain rElec rPois rF++}
rPois    +         Reflect  .   (helmet unavailable)
rElec    +         Harm     .   a - +0 cloak
rCorr    .         Rampage  .   (no gloves)
Will     .....                  (no boots)
Stlth    ..........             u - amulet of regeneration
HPRegen  0.00/turn              o - ring of stealth
MPRegen  0.11/turn              A - -4 ring of strength (curse)

@: no status effects
A: permanent stasis, dig shafts and tunnels, four strong arms, antennae 3,
repulsion field 1, fire resistance 1, electricity resistance, inhibited
regeneration
a: Dig, Shaft Self, Renounce Religion, Heroism


You were on level 6 of the Dungeon.
You worshipped Okawaru.
Okawaru was most pleased with you.
You visited 1 branch of the dungeon, and saw 6 of its levels.

You collected 182 gold pieces.

Inventory:

Hand Weapons
 z - a +3 hand axe of freezing (weapon)
Armour
 a - a +0 cloak (worn)
 l - a +0 tower shield (worn)
 r - the +8 plate armour "Zozekk" (worn) {*Drain rElec rPois rF++}
   (You found it on level 6 of the Dungeon)

   It greatly protects you from fire.
   It insulates you from electricity.
   It protects you from poison.
   It causes draining when unequipped.
Jewellery
 o - a ring of stealth (left hand)
 u - an amulet of regeneration (around neck)
 A - a cursed -4 ring of strength (right hand)
Wands
 n - a wand of enslavement (8)
 s - a wand of random effects (26)
 t - a wand of flame (34)
 y - a wand of digging (5)
Scrolls
 e - 2 scrolls of amnesia
 f - 3 scrolls of blinking
 g - 4 scrolls of identify
 k - a scroll of enchant weapon
 m - a scroll of random uselessness
 q - a scroll of immolation
 w - a scroll of magic mapping
Potions
 b - 2 potions of ambrosia {unknown}
 c - a potion of magic {unknown}
 d - a potion of might
 h - a potion of heal wounds {unknown}
 i - a potion of haste {unknown}
 j - a potion of lignification {unknown}
 p - 3 potions of curing
 v - a potion of flight {unknown}
 x - 2 potions of cancellation {unknown}


   Skills:
 + Level 7.1 Fighting
 + Level 6.1 Axes
 + Level 7.2 Armour
 + Level 7.9 Shields
 - Level 3.0 Evocations


You had 8 spell levels left.
You didn't know any spells.
Your spell library was empty.

Dungeon Overview and Level Annotations

Branches:
Dungeon (6/15)             Temple (0/1) D:6

Altars:
Dithmenos
Okawaru
Qazlal
Vehumet
The Shining One

Annotations:
D:6 2 runed translucent doors


Innate Abilities, Weirdness & Mutations

You cannot be hasted, slowed, berserked, paralysed or teleported.
You can dig through walls and to a lower floor.
Your four strong arms can wield two-handed weapons with a shield.
You have a pair of large antennae on your head. (SInv)
You are surrounded by a mild repulsion field. (EV +2)
Your flesh is heat resistant. (rF+)
You are resistant to electric shocks. (rElec)
You do not regenerate when monsters are visible.


Message History

You hit the boulder beetle but do no damage.
The boulder beetle is lightly wounded.
You block the boulder beetle's attack.
You hit the boulder beetle but do no damage.
The boulder beetle bites you.
You slash the boulder beetle! You freeze the boulder beetle.
The boulder beetle is lightly wounded.
The boulder beetle bites you.
You hit the boulder beetle but do no damage.
The boulder beetle is lightly wounded.
You block the boulder beetle's attack.
The boulder beetle leaps!
The boulder beetle leaps!
There is a large open translucent door here.
The boulder beetle curls into a ball and begins rolling!
You see here a dagger.
You hit the boulder beetle but do no damage.
The boulder beetle is lightly wounded.
The boulder beetle hits you!!!
Ouch! That really hurt!
You die...

...#####.......##.####+###..#
..###..........#..#.........#
.###..######...#..'.........#
.# #.##....##..#..#.........#
.# #.#.####.#...####.####...#
.# #.#.#.#..#........####...#
.# #.#.##.#.'.##'†##..#.....#
.# #.#..#######8..8##.#.....#
.# #.##.).[# #8.@..8#.......#
####..###### #).B..(#.......#
##....###### #[.°..[#.#######
.....##.#.)# #8....8#.......#
.....#.##.#####8..8##.......#
....÷#.#.##.†.##++##........#
.....#...#.##...............#
.....#.####†#.....#.........#
###..##....##.....###########


You could see a boulder beetle.

Vanquished Creatures
  A hornet zombie (D:6)
  An ice beast (D:6)
  A black bear (D:6)
  An orc warrior (D:6)
  A sky beast (D:4)
  2 ogres
  2 centaurs (D:6)
  3 bullfrogs (D:6)
  Blork the orc (D:4)
  2 scorpions
  4 wights (D:6)
  4 hounds
  3 orc priests
  2 bullfrog skeletons (D:6)
  2 orc wizards (D:6)
  A centaur skeleton (D:4)
  Jessica (D:3)
  Ijyb (D:4)
  Terence (D:3)
  2 iguanas
  7 worker ants
  3 gnolls (D:4)
  6 adders
  2 oozes
  An adder zombie (D:6)
  5 worms
  2 dart slugs
  2 leopard geckos
  20 orcs
  5 giant cockroaches
  8 goblins
  9 hobgoblins
  3 jackals (D:6)
  4 quokkas
  8 bats
  4 frilled lizards
  2 jackal skeletons
  A jackal zombie (D:5)
  4 kobolds
  A quokka skeleton (D:6)
  6 rats
139 creatures vanquished.

Notes
Turn   | Place    | Note
-------+----------+-------------------------------------------
     0 | D:1      | kaeus the Formicid Fighter began the quest for the Orb.
     0 | D:1      | Reached XP level 1. HP: 18/18 MP: 1/1
    31 | D:1      | Reached XP level 2. HP: 22/24 MP: 2/2
   401 | D:1      | Reached XP level 3. HP: 26/29 MP: 3/3
   965 | D:2      | Reached XP level 4. HP: 34/37 MP: 4/4
  1656 | D:3      | Noticed an ogre
  1668 | D:3      | Killed an ogre
  1669 | D:3      | Reached XP level 5. HP: 11/43 MP: 5/5
  2037 | D:3      | Noticed Terence
  2045 | D:3      | Killed Terence
  2046 | D:3      | Reached XP level 6. HP: 43/49 MP: 6/6
  2145 | D:3      | Found an iron altar of Okawaru.
  2147 | D:3      | Found a shadowy altar of Dithmenos.
  2176 | D:3      | Became a worshipper of Warmaster Okawaru
  2541 | D:3      | Noticed Jessica
  2544 | D:3      | Killed Jessica
  2545 | D:3      | Reached skill level 5 in Shields
  3007 | D:4      | Found a stormy altar of Qazlal.
  3019 | D:4      | Noticed Ijyb
  3035 | D:4      | Killed Ijyb
  3077 | D:4      | Reached XP level 7. HP: 42/55 MP: 7/7
  3156 | D:4      | Reached skill level 5 in Armour
  3201 | D:4      | Reached skill level 5 in Fighting
  3233 | D:4      | Reached * piety under Okawaru
  3468 | D:4      | Reached skill level 1 in Evocations
  3525 | D:4      | Found a glowing golden altar of the Shining One.
  4489 | D:4      | Found a radiant altar of Vehumet.
  4581 | D:4      | Noticed Blork the orc
  4592 | D:4      | Killed Blork the orc
  4593 | D:4      | Reached XP level 8. HP: 63/63 MP: 8/8
  4662 | D:5      | Entered Level 5 of the Dungeon
  5006 | D:5      | Found a glowing golden altar of the Shining One.
  5460 | D:6      | Found a large runed translucent door.
  5460 | D:6      | Found a large runed translucent door.
  5463 | D:6      | Found a large runed translucent door.
  5463 | D:6      | Found a large runed translucent door.
  5464 | D:6      | Noticed a boulder beetle
  5576 | D:6      | Got a masterwork plate armour
  5587 | D:6      | Identified the +8 plate armour "Zozekk" {*Drain rElec rPois
                  | rF++} (You found it on level 6 of the Dungeon)
  5678 | D:6      | Reached ** piety under Okawaru
  5679 | D:6      | Reached skill level 5 in Axes
  5735 | D:6      | Found a staircase to the Ecumenical Temple.
  5837 | D:6      | Reached XP level 9. HP: 70/70 MP: 9/9
  6209 | D:6      | Gained mutation: You have sharp toenails. [potion of
                  | mutation]
  6209 | D:6      | Gained mutation: You are partially covered in rugged brown
                  | scales. (AC +1, +3% HP) [potion of mutation]
  6292 | D:6      | Lost mutation: You have sharp toenails. [potion of
                  | mutation]
  6292 | D:6      | Lost mutation: You are partially covered in rugged brown
                  | scales. (AC +1, +3% HP) [potion of mutation]
  6292 | D:6      | Gained mutation: You are resistant to electric shocks.
                  | (rElec) [potion of mutation]
  6292 | D:6      | Gained mutation: You evolve. [potion of mutation]
  6292 | D:6      | Gained mutation: You have an increased reservoir of magic.
                  | (+10% MP) [potion of mutation]
  6293 | D:6      | Lost mutation: You have an increased reservoir of magic.
                  | (+10% MP) [potion of mutation]
  6293 | D:6      | Lost mutation: You evolve. [potion of mutation]
  6293 | D:6      | Gained mutation: Your flesh is heat resistant. (rF+)
                  | [potion of mutation]
  6293 | D:6      | Gained mutation: You do not regenerate when monsters are
                  | visible. [potion of mutation]
  6293 | D:6      | Gained mutation: You are surrounded by a mild repulsion
                  | field. (EV +2) [potion of mutation]
  6543 | D:6      | Reached *** piety under Okawaru
  6574 | D:6      | Got a jewelled dire flail
  6575 | D:6      | Identified the +8 dire flail "Pigruul" {flame, rElec rN+
                  | Str-5} (You found it on level 6 of the Dungeon)
  6621 | D:6      | Mangled by a boulder beetle

Illustrated notes

Levels and vault maps discovered:
D:1:      heliophobic_arrival_henge, layout_basic,
          chequers_serial_rivers_small_b
D:2:      layout_loops_ring
D:3:      layout_loops_corners, amethyst_overflow_temple_binary, uniq_jessica,
          uniq_terence
D:4:      layout_layer_cave, lemuel_coloured_pillars_altar,
          lemuel_crystal_altar, lemuel_doored_altar, corner_web_ring,
          uniq_blork_the_orc, uniq_ijyb
D:5:      layout_loops_ring, tso_altar
D:6:      layout_gridville, minmay_temple_entry_tees,
          minmay_hollow_rounded_squares

Skill      XL: |  1  2  3  4  5  6  7  8  9 |
---------------+----------------------------+-----
Shields        | 4 5 6 7 |  7.9
Armour         | 4 5 6 7 |  7.2
Fighting       | 4 5 6 7 |  7.1
Axes           | 3 4 5 6 |  6.1
Evocations     | 1 3 |  3.0

Action                   |  1- 3 |  4- 6 |  7- 9 || total
-------------------------+-------+-------+-------++-------
Melee: War axe           |    79 |   155 |   222 ||   456
       Hand axe          |       |       |    66 ||    66
       Kick              |       |       |     2 ||     2
 Abil: Dig               |       |       |     4 ||     4
  Use: Scroll            |       |       |    10 ||    10
       Potion            |       |       |     4 ||     4
Armor: Scale mail        |    37 |    38 |     9 ||    84
       Chain mail        |       |       |    23 ||    23
       Plate armour      |       |       |    82 ||    82
Dodge: Dodged            |    31 |    25 |    34 ||    90
Block: Kite shield       |    49 |     5 |       ||    54
       Tower shield      |       |   117 |   259 ||   376
